 Dungeon Crawl Stone Soup version 0.15.0-12-gccce430 (webtiles) character file.

56 HungrySpirit the Shooter (level 3, -5/28 HPs)
             Began as a Centaur Hunter on Sept 2, 2014.
             Slain by an orc priest
             ... wielding a +0 whip
              (7 damage)
             ... on Level 3 of the Dungeon.
             The game lasted 00:04:10 (2021 turns).

HungrySpirit the Shooter (Centaur Hunter)           Turns: 2021, Time: 00:04:11

HP  -5/28        AC  4     Str 15      XL: 3   Next: 69%
MP   3/3         EV  9     Int 10      God:
Gold 109         SH  0     Dex  9      Spells:  0 memorised,  2 levels left

rFire  . . .     SeeInvis .     (no weapon)
rCold  . . .     Clarity  .     d - +0 leather armour
rNeg   . . .     rCorr    .     (no shield)
rPois  .         rRot     .     (no helmet)
rElec  .         Spirit   .     (no cloak)
SustAb .         Warding  .     (no gloves)
rMut   .         Stasis   .     (no barding)
Gourm  .                        (no amulet)
MR     .....                    (no ring)
                                (no ring)

@: very quick, not resistant to hostile enchantments, very unstealthy
A: hooves 3, deformed body, speed 2, tough skin 3
a: no special abilities


You were on level 3 of the Dungeon.
You were not hungry.

You visited 1 branch of the dungeon, and saw 3 of its levels.

You collected 109 gold pieces.

Inventory:

Hand weapons
 a - a +0 short sword
 b - a +1 shortbow
Missiles
 c - 29 arrows
Armour
 d - a +0 leather armour (worn)
Comestibles
 f - a bread ration
 g - a slice of pizza
 m - 6 fruits
 p - a royal jelly
 r - 3 meat rations
 u - a beef jerky
Scrolls
 i - a scroll of enchant weapon {unknown}
 j - 2 scrolls of identify {unknown}
 k - a scroll of fear {unknown}
 n - a scroll of magic mapping {unknown}
 o - 3 scrolls of remove curse {unknown}
 t - a scroll of enchant armour {unknown}
Potions
 e - a potion of brilliance
 l - a potion of restore abilities {unknown}
 q - a potion of resistance {unknown}
 s - a potion of invisibility {unknown}


   Skills:
 - Level 1.0 Fighting
 + Level 7.2 Bows
 - Level 1.3 Dodging
 - Level 0.5 Stealth


You had 2 spell levels left.
You didn't know any spells.

Dungeon Overview and Level Annotations

Branches:
Dungeon (3/15)

Altars:
Zin

Annotations:
D:3 Sigmund


Innate Abilities, Weirdness & Mutations

You have hooves in place of feet.
Armour fits poorly on your strangely shaped body.
You cover ground very quickly.
You have extremely tough skin (AC +3).


Message History

The orc priest is moderately wounded.
The orc priest barely misses you.
You hit the orc priest but do no damage.
The orc priest is moderately wounded.
The orc priest invokes the aid of Beogh against you.
Something smites you!
Ouch! That really hurt!
You closely miss the orc priest. You kick the orc priest!
The orc priest is almost dead.
The orc priest calls down the wrath of Beogh upon you.
Pain shoots through your body!
* * * LOW HITPOINT WARNING * * *
You barely miss the orc priest. Your kick misses the orc priest.
The orc priest is almost dead.
The orc priest hits you but does no damage.
Unknown command.
You hit the orc priest but do no damage.
The orc priest is almost dead.
The orc priest hits you with a whip!
You die...

................. #.
#......)......... #.
#................ #.
#..........####..
#####.##......<...#
#.#
.....o............#
#.#
..................#
#.#
........o..........#
#.#
........@..........#
#.#
.$......[#.#.###.#..
..# .......%<#.#(
#.#... ..#
.........# #. #.#..
..# .######### .


You could see an orc priest and an orc wizard.

Vanquished Creatures
  2 adders
  A giant gecko (D:1)
  2 orcs
  6 bats
  4 giant cockroaches (D:1)
  3 hobgoblins
  5 kobolds
  2 giant newts (D:1)
  4 goblins
  A quokka (D:2)
  4 rats
34 creatures vanquished.

Notes
Turn   | Place    | Note
--------------------------------------------------------------
     0 | D:1      | HungrySpirit, the Centaur Hunter, began the quest for the Orb.
     0 | D:1      | Reached XP level 1. HP: 16/16 MP: 1/1
   243 | D:1      | Reached XP level 2. HP: 21/23 MP: 2/2
   269 | D:1      | Reached skill level 6 in Bows
  1096 | D:2      | Found a glowing silver altar of Zin.
  1146 | D:2      | Reached XP level 3. HP: 24/28 MP: 3/3
  1760 | D:3      | Noticed Sigmund
  1803 | D:3      | Reached skill level 7 in Bows
  2021 | D:3      | Slain by an orc priest

Action                   || total
-------------------------++-------
Melee: Unarmed           ||   124
       Short sword       ||    12
 Fire: Shortbow          ||     7
  Use: Potion            ||     2
  Eat: Chunk             ||     3
